 Dungeon Crawl Stone Soup version 0.26-a0-466-g989023bd0d (webtiles) character file.

Game seed: 1507463028322098529

266 kae the Conjurer (level 6, 0/43 HPs)
             Began as a Palentonga Hedge Wizard on Aug 3, 2020.
             Was an Initiate of Vehumet.
             Slain by a scorpion (6 damage)
             ... on level 4 of the Dungeon.
             The game lasted 00:05:53 (6294 turns).

kae the Conjurer (Palentonga Hedge Wizard)          Turns: 6294, Time: 00:05:54

Health: 0/43       AC:  5    Str: 13    XL:     6   Next: 0%
Magic:  5/12       EV: 10    Int: 16    God:    Vehumet [......]
Gold:   19         SH:  0    Dex: 10    Spells: 3/13 levels left

rFire    . . .     SeeInvis +   a - +0 dagger
rCold    . . .     Faith    .   (no shield)
rNeg     . . .     Spirit   .   b - +0 robe
rPois    .         Reflect  .   c - +0 hat
rElec    .         Harm     .   m - +0 cloak
rCorr    .                      (no gloves)
MR       .....                  (boots restricted)
Stlth    +.........             (no amulet)
HPRegen  0.14/turn              (no ring)
MPRegen  0.13/turn              (no ring)

@: lethally poisoned (0 -> -23), very slightly contaminated
A: large, rugged brown scales 3, see invisible, deformed body, roll, armoured
tail
a: Rolling Charge, Renounce Religion


You were on level 4 of the Dungeon.
You worshipped Vehumet.
Vehumet was noncommittal.
You visited 2 branches of the dungeon, and saw 5 of its levels.

You collected 123 gold pieces.
You spent 104 gold pieces at shops.

Inventory:

Hand Weapons
 a - a +0 dagger (weapon)
Armour
 b - a +0 robe (worn)
 c - a +0 hat (worn)
 m - a +0 cloak (worn)
Wands
 d - a wand of flame (9)
 h - a wand of paralysis (9)
Scrolls
 e - 2 scrolls of enchant armour
 g - a scroll of identify
 k - 2 scrolls of fog
 l - 2 scrolls of remove curse
 o - a scroll of blinking {unknown}
Potions
 f - a potion of might
 i - a potion of cancellation
 j - a potion of ambrosia
 p - a potion of curing
 q - a potion of heal wounds


   Skills:
 - Level 1.5 Dodging
 - Level 1.2 Stealth
 + Level 4.3 Spellcasting
 * Level 4.5 Conjurations
 - Level 0.7 Summonings
 - Level 1.0 Translocations


You had 3 spell levels left.
You knew the following spells:

 Your Spells              Type           Power        Failure   Level
a - Magic Dart            Conj           ###.         2%          1
b - Blink                 Tloc           N/A          16%         2
c - Call Imp              Summ           #.......     19%         2
d - Conjure Flame         Conj/Fire      ##......     21%         3
e - Slow                  Hex            #.......     26%         2

Your spell library contained the following spells:

 Spells                   Type           Power        Failure   Level
 Mephitic Cloud           Conj/Pois/Air  #.......     26%         3


Dungeon Overview and Level Annotations

Branches:
Dungeon (4/15)             Temple (1/1) D:4

Altars:
Ashenzari
Elyvilon
Fedhas
Gozag
Kikubaaqudgha
Makhleb
Nemelex Xobeh
Okawaru
Qazlal
Trog
Uskayaw
Vehumet
Xom
Yredelemnul
The Shining One

Shops:
D:4 !


Innate Abilities, Weirdness & Mutations

You are completely covered in rugged brown scales. (AC +3, +7% HP)
You have supernaturally acute eyesight. (SInv)
Armour fits poorly on your strangely shaped body.
You can roll at foes to attack.
You have a long armoured tail.


Message History

Casting: Magic Dart (safe; 2% risk of failure)
Confirm with . or Enter, or press ? or * to list all spells.
Aiming: Magic Dart (safe; 2% risk of failure)
Press: ? - help, Shift-Dir - straight line, f/p - scorpion
Aim: a scorpion (heavily wounded)
The magic dart hits the scorpion but does no damage.
The scorpion is heavily wounded.
* * * LOW HITPOINT WARNING * * *
You feel sick. The scorpion completely misses you.
Casting: Magic Dart (safe; 2% risk of failure)
Confirm with . or Enter, or press ? or * to list all spells.
Aiming: Magic Dart (safe; 2% risk of failure)
Press: ? - help, Shift-Dir - straight line, f/p - scorpion
Aim: a scorpion (heavily wounded)
The magic dart hits the scorpion.
The scorpion is severely wounded.
* * * LOW HITPOINT WARNING * * *
You feel very sick. The scorpion stings you.
You die...

#######..#..>.###.##
###.##....##.#
#...##...##.####
#####..###..##......
#......###.#....#### #
##.####..#.)........#.##
...#####....##[.........
.........##.###.....#.
#...#.##.##.# #†@####
#...# ##<##.....s.....#
#...... #############
..#.##.# ###.# # # .. #
... # ##. #


You could see a scorpion.

Vanquished Creatures
  A hound (D:3)
  An orc wizard (D:3)
  A worker ant (D:3)
  7 gnolls
  2 adders
  2 oozes
  4 worms
  6 leopard geckos
  7 orcs
  4 bats
  6 giant cockroaches
  4 goblins
  3 hobgoblins
  5 jackals (D:1)
  4 kobolds
  3 quokkas
  A ball python (D:1)
  6 frilled lizards
  6 rats
73 creatures vanquished.

Notes
Turn   | Place    | Note
-------+----------+-------------------------------------------
     0 | D:1      | kae the Palentonga Hedge Wizard began the quest for the
                  | Orb.
     0 | D:1      | Reached XP level 1. HP: 13/13 MP: 4/4
    72 | D:1      | Reached skill level 1 in Conjurations
   148 | D:1      | Reached XP level 2. HP: 9/20 MP: 1/6
   923 | D:1      | Reached XP level 3. HP: 25/25 MP: 5/7
  2411 | D:2      | Learned a level 2 spell: Blink
  2414 | D:2      | Learned a level 2 spell: Call Imp
  2794 | D:3      | Reached XP level 4. HP: 22/32 MP: 3/9
  2914 | D:3      | Found an opulent altar of Gozag.
  3341 | D:3      | HP: 1/32 [gnoll/+0 spear (3)]
  4561 | D:3      | Found a glowing golden altar of the Shining One.
  4832 | D:3      | Reached XP level 5. HP: 37/37 MP: 8/10
  5619 | D:4      | Found a burning altar of Makhleb.
  5621 | D:4      | Found a shattered altar of Ashenzari.
  5713 | D:4      | Found a staircase to the Ecumenical Temple.
  5716 | D:4      | Found Exyivul's Distillery.
  5729 | Temple   | Entered the Ecumenical Temple
  5928 | Temple   | Became a worshipper of Vehumet
  5956 | D:4      | Learned a level 3 spell: Conjure Flame
  5959 | D:4      | Learned a level 2 spell: Slow
  5980 | D:4      | Bought a potion of curing for 39 gold pieces
  5980 | D:4      | Bought a potion of heal wounds for 65 gold pieces
  6218 | D:3      | Reached XP level 6. HP: 36/43 MP: 3/12
  6294 | D:4      | Slain by a scorpion

Illustrated notes

Levels and vault maps discovered:
D:1:      dpeg_arrival_signposts, layout_basic, serial_glass, glass_columns_b,
          glass_columns_c
D:2:      layout_loops_corners
D:3:      layout_loops_corners, tso_altar, nicolae_gozag_seed_capital
D:4:      layout_loops_cross, nicolae_overflow_hidden_temple,
          minmay_temple_entry_wispy, serial_shops, shop, uniq_sigmund, uniq_ijyb
Temple:   hc_temple_tempest_star

Skill      XL: |  1  2  3  4  5 |
---------------+----------------+-----
Conjurations   | 1 2 3 4 |  4.5
Spellcasting   | 4 |  4.3
Dodging        | |  1.5
Stealth        | |  1.2
Summonings     | |  0.7
Translocations | |  1.0

Action                   |  1- 3 |  4- 6 || total
-------------------------+-------+-------++-------
Melee: Dagger            |    86 |    93 ||   179
       Tailslap          |     3 |     7 ||    10
 Cast: Magic Dart        |    75 |   131 ||   206
       Slow              |       |     3 ||     3
 Abil: Rolling Charge    |     3 |       ||     3
  Use: Scroll            |     6 |     5 ||    11
       Potion            |       |     1 ||     1
 Stab: Sleeping          |     2 |       ||     2
Armor: Robe              |    35 |    31 ||    66
       Skin              |       |     1 ||     1
Dodge: Dodged            |    71 |    74 ||   145

Table legend: (Time is in decaauts)
 A = Elapsed time spent in this place.
 B = Non-inter-level travel time spent in this place.
 C = Inter-level travel time spent in this place.
 D = Time resting spent in this place.
 E = Time spent auto-exploring this place.
 F = Levels seen in this place.
 G = Mean time per level.
                   A        B        C        D        E       F      G
               +--------+--------+--------+--------+--------+-----+--------+
         Total |   6296 |   6121 |    175 |   1928 |   3516 |   5 | 1259.2 |
       Dungeon |   6075 |   5957 |    118 |   1928 |   3354 |   4 | 1518.8 |
        Temple |    220 |    163 |     57 |      0 |    162 |   1 |  220.0 |
               +--------+--------+--------+--------+--------+-----+--------+

Top non-repeatable levels by time:
     D:3: 3031 daAuts
     D:1: 1497 daAuts
     D:2: 1200 daAuts
     D:4: 346 daAuts
  Temple: 220 daAuts
